 Dungeon Sprint DCSS version 0.18-a0-1788-g92de1ac (webtiles) character file.

5127 Kidiri the Covert (level 10, -1/44 HPs)
             Began as a Spriggan Enchanter on Apr 20, 2016.
             Was a Priest of Dithmenos.
             Slain by a spriggan berserker
             ... wielding a +0 antimagic quarterstaff
              (26 damage)
             ... in the Dungeon (Sprint IV: "Fedhas' Mad Dash").
             The game lasted 00:11:44 (2084 turns).

Kidiri the Covert (Spriggan Enchanter)              Turns: 2084, Time: 00:11:45

Health: -1/44      AC:  5    Str:  2    XL:     10   Next: 33%
Magic:  20/26      EV: 30    Int: 19    God:    Dithmenos [***...]
Gold:   181        SH:  7    Dex: 18    Spells: 7 memorised, 14 levels left

rFire  + . .     SeeInvis +     n - +0 rapier
rCold  . . .     Gourm    .     f - +2 robe {rF+}
rNeg   . . .     Faith    .     m - +0 buckler
rPois  .         Spirit   .     (helmet restricted)
rElec  .         Dismiss  .     l - +0 cloak {+Inv}
rCorr  .         Reflect  .     (gloves unavailable)
SustAt .         Harm     .     (boots unavailable)
MR     +....     NoTele   +     (no amulet)
Stlth  +++++++++.               (no ring)
                                d - -2 ring of strength (curse)

@: very slightly contaminated, wreathed by umbra, invisible (expiring), very
quick, somewhat resistant to hostile enchantments, incredibly stealthy
A: unfitting armour, see invisible, herbivore 3, speed 3, slow metabolism 2
a: Shadow Step, Renounce Religion, Turn Visible


You were in the Dungeon.
You worshipped Dithmenos.
Dithmenos was most pleased with you.
You were not hungry.

You visited 1 branch You collected 199 gold pieces.
You spent 18 gold pieces at shops.

Inventory:

Hand Weapons
 n - a +0 rapier (weapon)
Armour
 f - a +2 robe of fire resistance (worn)
 l - a +0 cloak of invisibility (worn)
 m - a +0 buckler (worn)
Jewellery
 d - a cursed -2 ring of strength (left hand)
Scrolls
 j - a scroll of blinking
Potions
 e - 2 potions of curing
 g - a potion of haste
 h - a potion of magic
 i - a potion of berserk rage
 k - a potion of flight {unknown}
 q - a potion of cancellation {unknown}
Books
 c - a book of Maledictions

   Spells                             Type                      Level
   a - Corona                         Hexes                        1
   b - Ensorcelled Hibernation        Hexes/Ice                    2
   c - Confuse                        Hexes                        3
   d - Tukima's Dance                 Hexes                        3
   e - Dazzling Spray                 Conjuration/Hexes            3
 p - a book of Spatial Translocations

   Spells                             Type                      Level
   a - Apportation                    Translocation                1
   b - Blink                          Translocation                2
   c - Shroud of Golubria             Charms/Translocation         2
   d - Portal Projectile              Translocation                3
   e - Teleport Other                 Translocation                3
   f - Passage of Golubria            Translocation                4
Comestibles
 a - 3 royal jellies
 o - a bread ration


   Skills:
 * Level 10.8 Short Blades
 * Level 13.7 Dodging
 * Level 14.9 Stealth
 + Level 4.3 Shields
 * Level 11.8 Spellcasting
 + Level 4.7 Conjurations
 + Level 9.2 Hexes
 + Level 3.3 Charms
 + Level 3.1 Translocations
 + Level 5.4 Ice Magic
 - Level 4.0 Invocations
 + Level 8.2 Evocations


You had 14 spell levels left.
You knew the following spells:

 Your Spells              Type           Power        Failure   Level  Hunger
a - Corona                Hex            #####..      1%          1    None
b - Ensorcelled Hibernat  Hex/Ice        #####.       1%          2    None
c - Confuse               Hex            #####...     1%          3    None
d - Tukima's Dance        Hex            #####...     1%          3    None
e - Dazzling Spray        Conj/Hex       #####...     1%          3    None
f - Shroud of Golubria    Chrm/Tloc      ###.......   3%          2    None
g - Passage of Golubria   Tloc           N/A          21%         4    ##.....


Dungeon Overview and Level Annotations

Branches:
Dungeon (1/1)

Altars:
Cheibriados
Dithmenos
Elyvilon
Gozag
Kikubaaqudgha
Makhleb
Nemelex Xobeh
Okawaru
Pakellas
Qazlal
Ru
Sif Muna
Trog
Vehumet
Xom
Yredelemnul
Zin
The Shining One
Beogh
Jiyva
Lugonu

Shops:
D [(%}([

Annotations:
D Agnes


Innate Abilities, Weirdness & Mutations

You are tiny and cannot use many weapons and most armour.
You have supernaturally acute eyesight.
You are a herbivore.
You cover ground extremely quickly.
You need consume almost no food.


Message History

You hear an angry growl.
Agnes says, "The ORB is mine by right."
Agnes completely misses you. Agnes misses you.
You block the spriggan berserker's attack.
You hit Agnes.
Agnes is almost dead.
Unknown command.
You closely miss the spriggan berserker.
The spriggan berserker is lightly wounded.
The spriggan berserker completely misses you.
You barely miss the spriggan berserker.
The spriggan berserker is lightly wounded.
You flicker for a moment.
Agnes is no longer blind.
You block the polar bear's attack. The polar bear completely misses you.
You block the polar bear's attack.
You hit the spriggan berserker but do no damage.
The spriggan berserker is lightly wounded.
The spriggan berserker hits you with an antimagic quarterstaff!!
Ouch! That really hurt!
You die...

#################################
..#.⌠...._....⌠.#..+...#....##∩##
).+._._._._._._.+).#...#....+.)##
..#_._._._._._._#).###+##..)##∩#)
'##._._._._._._.#.)##∩∩.+...#####
..#.⌠...._....⌠.#################
..###################......###...
###♣♣♣♣♣..♣(###.@hi'.....).+.+..[
)'......♣.)♣##..#i.#.P.....######
.#♣..♣♣♣.♣..###.##'##.P....#
.#.♣♣..♣...♣'...# .♣########
################# .. ..♣ ... ....
####


You could see Agnes, a spriggan berserker (blind) and a polar bear (berserk).

Vanquished Creatures
  A spriggan druid (D)
  6 oklob plants (D)
  A demonic crawler (D)
  3 burning bushes (D)
  A queen bee (D)
  3 wandering mushrooms (D)
  A wasp (D)
  2 scorpions (D)
  4 killer bees (D)
  5 oklob saplings (D)
  A worker ant (D)
  5 spriggans (D)
  A river rat (D)
  A rat (D)
35 creatures vanquished.

Vanquished Creatures (others)
  A giant spore (D)
1 creature vanquished.

Grand Total: 36 creatures vanquished

Notes
Turn   | Place    | Note
--------------------------------------------------------------
     0 | D        | Kidiri the Spriggan Enchanter began the quest for the Orb.
     0 | D        | Reached XP level 1. HP: 9/9 MP: 5/5
     8 | D        | Reached skill level 5 in Stealth
     8 | D        | Reached XP level 2. HP: 13/13 MP: 5/7
    17 | D        | Learned a level 2 spell: Ensorcelled Hibernation
    56 | D        | Noticed an oklob sapling
   234 | D        | Reached skill level 5 in Dodging
   234 | D        | Reached skill level 6 in Stealth
   234 | D        | Reached XP level 3. HP: 16/16 MP: 5/9
   276 | D        | Learned a level 3 spell: Confuse
   280 | D        | Learned a level 3 spell: Tukima's Dance
   291 | D        | Killed an oklob sapling
   291 | D        | Reached skill level 1 in Ice Magic
   374 | D        | Found a snail-covered altar of Cheibriados.
   374 | D        | Found a glowing silver altar of Zin.
   374 | D        | Found a white marble altar of Elyvilon.
   375 | D        | Found a viscous altar of Jiyva.
   375 | D        | Found a radiant altar of Vehumet.
   375 | D        | Found a deep blue altar of Sif Muna.
   375 | D        | Found a burning altar of Makhleb.
   375 | D        | Found an oddly glowing altar of Pakellas.
   375 | D        | Found an ancient bone altar of Kikubaaqudgha.
   375 | D        | Found a bloodstained altar of Trog.
   375 | D        | Found a corrupted altar of Lugonu.
   375 | D        | Found a sacrificial altar of Ru.
   375 | D        | Noticed an oklob sapling priest
   376 | D        | Found a glowing golden altar of the Shining One.
   376 | D        | Found a sparkling altar of Nemelex Xobeh.
   377 | D        | Found a shadowy altar of Dithmenos.
   378 | D        | Found an iron altar of Okawaru.
   378 | D        | Found a shimmering altar of Xom.
   379 | D        | Found an opulent altar of Gozag.
   380 | D        | Found a basalt altar of Yredelemnul.
   380 | D        | Found a roughly hewn altar of Beogh.
   382 | D        | Found a stormy altar of Qazlal.
   391 | D        | Killed an oklob sapling priest
   391 | D        | Reached skill level 7 in Stealth
   391 | D        | Reached skill level 5 in Spellcasting
   391 | D        | Reached skill level 5 in Hexes
   391 | D        | Reached skill level 1 in Evocations
   391 | D        | Reached XP level 4. HP: 21/21 MP: 9/12
   398 | D        | Became a worshipper of Dithmenos the Shadowed
   419 | D        | Learned a level 3 spell: Dazzling Spray
   676 | D        | Reached XP level 5. HP: 24/24 MP: 11/14
   687 | D        | Reached skill level 5 in Short Blades
   687 | D        | Reached skill level 8 in Stealth
   687 | D        | Reached skill level 1 in Invocations
   691 | D        | Reached skill level 1 in Conjurations
   820 | D        | Reached * piety under Dithmenos
   829 | D        | Found Siwav's Weapon Shop.
   829 | D        | Found Geskeusen's Antique Armour Emporium.
   911 | D        | Noticed a burning bush
   911 | D        | Noticed a wandering mushroom
   912 | D        | Noticed a wandering mushroom
   915 | D        | Killed a burning bush
   915 | D        | Reached skill level 10 in Stealth
   915 | D        | Reached skill level 1 in Shields
   915 | D        | Reached XP level 6. HP: 28/28 MP: 13/17
   929 | D        | Killed a wandering mushroom
   929 | D        | Reached XP level 7. HP: 25/32 MP: 15/19
   939 | D        | Killed a wandering mushroom
   939 | D        | Reached skill level 10 in Dodging
   939 | D        | Reached skill level 11 in Stealth
   939 | D        | Reached skill level 5 in Evocations
  1090 | D        | Found Dinlafay's Gadget Emporium.
  1090 | D        | Found Ynkagan's Food Shoppe.
  1159 | D        | Noticed a queen bee
  1164 | D        | Killed a queen bee
  1164 | D        | Reached XP level 8. HP: 36/36 MP: 22/22
  1165 | D        | Reached ** piety under Dithmenos
  1277 | D        | Noticed an oklob plant
  1280 | D        | Killed an oklob plant
  1280 | D        | Reached skill level 12 in Stealth
  1295 | D        | Noticed a burning bush
  1298 | D        | Killed a burning bush
  1298 | D        | Reached skill level 10 in Spellcasting
  1305 | D        | Got an ancient hand axe
  1306 | D        | Lost strength.
  1306 | D        | Identified the +3 hand axe "Suuwn" {chop, rElec rN+ MP+9 Str-2} (You found it in the Dungeon)
  1408 | D        | Noticed a burning bush
  1408 | D        | Noticed an oklob plant
  1409 | D        | Noticed a wandering mushroom
  1410 | D        | Killed a burning bush
  1410 | D        | Reached *** piety under Dithmenos
  1410 | D        | Reached XP level 9. HP: 39/39 MP: 22/24
  1414 | D        | Killed an oklob plant
  1414 | D        | Reached skill level 13 in Stealth
  1415 | D        | Killed a wandering mushroom
  1435 | D        | Noticed a spriggan druid
  1452 | D        | Killed a spriggan druid
  1452 | D        | Reached skill level 10 in Short Blades
  1601 | D        | Noticed an oklob plant conjurer
  1602 | D        | Killed an oklob plant conjurer
  1602 | D        | Reached skill level 14 in Stealth
  1602 | D        | Reached skill level 5 in Ice Magic
  1608 | D        | Learned a level 2 spell: Shroud of Golubria
  1613 | D        | Learned a level 4 spell: Passage of Golubria
  1728 | D        | Noticed an oklob plant
  1728 | D        | Noticed an oklob plant summoner
  1729 | D        | Noticed an oklob plant shifter
  1732 | D        | Killed an oklob plant
  1732 | D        | Reached skill level 1 in Charms
  1732 | D        | Reached skill level 1 in Translocations
  1734 | D        | Killed an oklob plant summoner
  1734 | D        | Reached XP level 10. HP: 44/44 MP: 20/26
  1737 | D        | Killed an oklob plant shifter
  1763 | D        | Noticed a spriggan rider
  1764 | D        | Found Myroad Hoist's Antique Weapon Emporium.
  1873 | D        | Found Sika's Antique Armour Shoppe.
  1912 | D        | Bought an embroidered robe for 18 gold pieces
  2073 | D        | Noticed Agnes
  2077 | D        | Noticed a spriggan berserker
  2084 | D        | Slain by a spriggan berserker

Vault maps used:
D:        dungeon_sprint_fedhas

Skill      XL: |  1  2  3  4  5  6  7  8  9 10 |
---------------+-------------------------------+-----
Short Blades   | 2 3 4 6 7 9 10 | 10.8
Dodging        | 4 5 6 7 9 10 11 13 | 13.7
Stealth        | 5 6 7 10 11 12 14 | 14.9
Spellcasting   | 3 4 5 7 8 9 10 11 | 11.8
Hexes          | 4 5 6 7 8 9 |  9.2
Ice Magic      | 1 2 3 4 5 |  5.4
Evocations     | 1 2 4 5 6 7 8 |  8.2
Invocations    | 2 3 4 |  4.0
Conjurations   | 2 3 4 |  4.7
Shields        | 1 2 3 4 |  4.3
Charms         | 2 3 |  3.3
Translocations | 1 3 |  3.1

Action                   |  1- 3 |  4- 6 |  7- 9 | 10-12 || total
-------------------------+-------+-------+-------+-------++-------
Melee: Dagger            |    19 |    19 |     8 |       ||    46
       Rapier            |       |       |    23 |    14 ||    37
 Cast: Ensorcelled Hiber |     5 |     2 |       |       ||     7
       Confuse           |     2 |       |       |       ||     2
       Dazzling Spray    |       |     2 |     7 |    11 ||    20
       Tukima's Dance    |       |     2 |     1 |       ||     3
Invok: Shadow Step       |       |       |     2 |     1 ||     3
 Abil: Evoke Invisibilit |     1 |     4 |     5 |     1 ||    11
  Use: Potion            |       |       |       |     3 ||     3
 Stab: Sleeping          |     3 |     3 |    14 |     3 ||    23
       Invisible         |     1 |     5 |     5 |     4 ||    15
       Confused          |     1 |       |       |       ||     1
  Eat: Bread ration      |       |       |     1 |       ||     1
Dodge: Dodged            |     2 |    12 |     5 |    10 ||    29
Block: Buckler           |       |     2 |     2 |     5 ||     9
